 Dungeon Crawl Stone Soup version 0.29-a0-317-gd16b76e6b1 (webtiles) character file.

Game seed: 1371484602587311008

2 kae the Firebug (level 1, 0/10 HPs)
             Began as a Tengu Fire Elementalist on Mar 31, 2022.
             Slain by a quokka (2 damage)
             ... on level 1 of the Dungeon.
             The game lasted 00:00:06 (63 turns).

kae the Firebug (Tengu Fire Elementalist)             Turns: 63, Time: 00:00:06

Health: 0/10       AC:  2    Str:  8    XL:     1   Next: 30%
Magic:  0/4        EV: 12    Int: 15    God:
Gold:   0          SH:  0    Dex: 14    Spells: 3/4 levels left

rFire   . . .      SeeInvis .   (no weapon)
rCold   . . .      Faith    .   (no shield)
rNeg    . . .      Spirit   .   a - +0 robe
rPois   .          Reflect  .   (helmet restricted)
rElec   .          Harm     .   (no cloak)
rCorr   .          Rampage  .   (no gloves)
Will    .....                   (boots unavailable)
Stlth   ++........              (no amulet)
HPRegen 0.03/turn               (no ring)
MPRegen 0.09/turn               (no ring)

@: no status effects
A: beak, talons 3
a: no special abilities


You were on level 1 of the Dungeon.
You visited 1 branch of the dungeon, and saw 1 of its levels.

Inventory:

Armour
 a - a +0 robe (worn)
Scrolls
 d - a scroll of identify {unknown}
Potions
 b - a potion of magic
 c - a potion of degeneration {unknown}


   Skills:
 + Level 0.0 Fighting
 + Level 0.1 Armour
 + Level 2.2 Dodging
 - Level 2.0 Stealth
 + Level 2.0 Spellcasting
 + Level 1.4 Conjurations
 * Level 3.3 Fire Magic


You had 3 spell levels left.
You knew the following spells:

 Your Spells              Type           Power      Damage    Failure   Level
a - Foxfire               Conj/Fire      32%        2x1d5     9%          1

Your spell library contained the following spells:

 Spells                   Type           Power      Damage    Failure   Level
 Scorch                   Fire           22%        2d6       9%          2
 Conjure Flame            Conj/Fire      8%         6-21      26%         3
 Inner Flame              Hex/Fire       6%         N/A       32%         3
 Flame Wave               Conj/Fire      8%         2d5       63%         4


Dungeon Overview and Level Annotations

Branches:
Dungeon (1/15)

Altars:


Innate Abilities, Weirdness & Mutations

You have a beak for a mouth.
You have claws for feet.


Message History

The endoplasm hits you but does no damage.
The foxfire hits the endoplasm.
The endoplasm is almost dead.
The foxfire hits the endoplasm but does no damage.
The endoplasm is almost dead.
The endoplasm freezes you.
You are frozen.
Casting: Foxfire (safe; 9% risk of failure)
Confirm with . or Enter, or press ? or * to list all spells.
You conjure some foxfire!
The quokka bites you.
The endoplasm hits you but does no damage.
The foxfire hits the kobold.
You kill the kobold!
The foxfire hits the quokka.
The quokka is heavily wounded.
The quokka misses you. The quokka bites you.
The endoplasm hits you but does no damage.
Your magical contamination has completely faded away.
Casting: Foxfire (safe; 9% risk of failure)
Confirm with . or Enter, or press ? or * to list all spells.
You don't have enough magic to cast this spell.
Casting: Foxfire (safe; 9% risk of failure)
Confirm with . or Enter, or press ? or * to list all spells.
You don't have enough magic to cast this spell.
You are too injured to fight recklessly!
You are too injured to fight recklessly!
You are too injured to fight recklessly!
You are too injured to fight recklessly!
You barely miss the quokka.
The quokka is heavily wounded.
The quokka barely misses you. The endoplasm closely misses you.
You miss the quokka. Your peck misses the quokka.
The quokka is heavily wounded.
The quokka bites you.
* * * LOW HITPOINT WARNING * * *
The endoplasm hits you but does no damage.
You hit the endoplasm but do no damage. You claw the endoplasm.
You kill the endoplasm!
The quokka bites you.
You die...

######################.#
..................'..#.#
####################...#
#.#M#h#i#g#N#B#p#.##.###
###################..#
............##...
..................
.............####.
.....)r@.........
..[..............
........_.........
.................#
....#............#
....#..##.#####.. ...
... .# .. .... .#


You could see a quokka.

Vanquished Creatures
  A bat (D:1)
  An endoplasm (D:1)
  A kobold (D:1)
3 creatures vanquished.

Vanquished Creatures (others)
  7 foxfires (D:1)
7 creatures vanquished.

Grand Total: 10 creatures vanquished

Notes
Turn   | Place    | Note
-------+----------+-------------------------------------------
     0 | D:1      | kae the Tengu Fire Elementalist began the quest for the
                  | Orb.
     0 | D:1      | Reached XP level 1. HP: 10/10 MP: 4/4
     2 | D:1      | Noticed a ghoul
     2 | D:1      | Noticed a demonspawn
     4 | D:1      | Noticed a human
     4 | D:1      | Noticed a gargoyle
     9 | D:1      | Noticed an elf
     9 | D:1      | Noticed an octopode
    11 | D:1      | Noticed a minotaur
    13 | D:1      | Noticed a troll
    15 | D:1      | Noticed a tengu
    15 | D:1      | Noticed a felid
    17 | D:1      | Noticed a vine stalker
    17 | D:1      | Noticed a spriggan
    19 | D:1      | Noticed an ogre
    19 | D:1      | Noticed a dwarf
    21 | D:1      | Noticed a naga
    23 | D:1      | Noticed a vampire
    23 | D:1      | Noticed a formicid
    25 | D:1      | Noticed a draconian
    25 | D:1      | Noticed a demigod
    28 | D:1      | Noticed a merfolk
    35 | D:1      | Found a faded altar of an unknown god.
    63 | D:1      | Slain by a quokka

Illustrated notes

Levels and vault maps discovered:
D:1:      kb_arrival_jail, layout_rooms, basic_ecumenical_altar

Action                   || total
-------------------------++-------
Melee: Unarmed           ||     4
       Kick              ||     1
 Cast: Foxfire           ||     4
Armor: Robe              ||     5
Dodge: Dodged            ||     5

Table legend: (Time is in decaauts)
 A = Elapsed time spent in this place.
 B = Non-inter-level travel time spent in this place.
 C = Inter-level travel time spent in this place.
 D = Time resting spent in this place.
 E = Time spent auto-exploring this place.
 F = Levels seen in this place.
 G = Mean time per level.
                   A        B        C        D        E       F      G
               +--------+--------+--------+--------+--------+-----+--------+
         Total |     63 |     63 |      0 |      0 |     42 |   1 |   63.0 |
       Dungeon |     63 |     63 |      0 |      0 |     42 |   1 |   63.0 |
               +--------+--------+--------+--------+--------+-----+--------+

Top non-repeatable levels by time:
     D:1: 63 daAuts
